AFBL
ALABAMA YELLOWHAMMERS @ ARIZONA VIPERS
11/05/2065
 
TOP OF THE 1ST
Alabama Yellowhammers batting - Pitching for Arizona Vipers : LHP Greg Medici
Pitching: LHP Greg Medici
Batting: LHB Jesus Mesia 0-0: Bunt missed!
0-1: Foul Ball, location: 7LDF
0-2: Ball
1-2: Fly out, F7 (Line Drive, 78S, EV 110.0 MPH)
Batting: SHB Pablo Colunga 0-0: Ball
1-0: Ground out 6-3 (Groundball, 6, EV 85.6 MPH)
Batting: LHB Cedric Murphy 0-0: Fly out, F8 (Line Drive, 8RD, EV 86.3 MPH)
Top of the 1st over - 0 runs, 0 hits, 0 errors, 0 left on base; Alabama 0 - Arizona 0
BOTTOM OF THE 1ST
Arizona Vipers batting - Pitching for Alabama Yellowhammers : RHP Tony Trejo
Pitching: RHP Tony Trejo
Batting: LHB Jose Munoz 0-0: Called Strike
0-1: Called Strike
0-2: Foul Ball, location: 2F
0-2: Ball
1-2: Foul Ball, location: 2F
1-2: Ball
2-2: Ball
3-2: Base on Balls
Batting: RHB Joe Cortez 0-0: Foul Ball, location: 2LF
0-1: Fly out, F8 (Line Drive, 89M, EV 109.4 MPH)
Batting: LHB Paddy Kerkhoven 0-0: Ball
1-0: Ball
Jose Munoz steals 2nd base
2-0: Ball
3-0: Base on Balls
Batting: RHB Jose Moreno 0-0: Ball
Jose Munoz steals 3rd base
1-0: Ball
2-0: Called Strike
2-1: Fly out, F7 (Line Drive, 7, EV 89.4 MPH)
Runner from 3rd tags up, SCORES, throw by LF
Batting: RHB David Lautenbach 0-0: Called Strike
0-1: Ball
1-1: Ball
2-1: Called Strike
2-2: Ball
3-2: Ground out 6-3 (Groundball, 6, EV 101.9 MPH)
Bottom of the 1st over - 1 run, 0 hits, 0 errors, 1 left on base; Alabama 0 - Arizona 1
TOP OF THE 2ND
Alabama Yellowhammers batting - Pitching for Arizona Vipers : LHP Greg Medici
Batting: RHB Ken Foster 0-0: Foul Ball, location: 2F
0-1: Foul Ball, location: 9LMF
0-2: Foul Ball, location: 2F
0-2: Ball
1-2: Ball
2-2: Fly out, F9 (Flyball, 9, EV 88.8 MPH)
Batting: LHB Danny Lang 0-0: Fly out, F8 (Line Drive, 8LD, EV 98.1 MPH)
Batting: RHB Manny Duarte 0-0: Fly out, F6 (Popup, P, EV 80.0 MPH)
Top of the 2nd over - 0 runs, 0 hits, 0 errors, 0 left on base; Alabama 0 - Arizona 1
BOTTOM OF THE 2ND
Arizona Vipers batting - Pitching for Alabama Yellowhammers : RHP Tony Trejo
Batting: RHB Norm Laurent 0-0: Called Strike
0-1: Called Strike
0-2: Strikes out swinging
Batting: RHB Steeven Silva 0-0: Called Strike
0-1: Ball
1-1: Ball
2-1: DOUBLE (Line Drive, 7LM, EV 105.6 MPH)
Batting: LHB Paul Scioscia 0-0: Ground out U3 (Groundball, 34S, EV 90.6 MPH)
Steeven Silva to third
Batting: RHB Brenden Asadov 0-0: Ball
1-0: Ball
2-0: Called Strike
2-1: SINGLE (Flyball, 7LS, EV 88.1 MPH)
Steeven Silva scores
Batting: LHB Jose Munoz 0-0: Ball
1-0: Called Strike
Brenden Asadov is caught stealing 2nd base 2-6
Bottom of the 2nd over - 1 run, 2 hits, 0 errors, 0 left on base; Alabama 0 - Arizona 2
TOP OF THE 3RD
Alabama Yellowhammers batting - Pitching for Arizona Vipers : LHP Greg Medici
Batting: LHB Curt Palácios 0-0: Called Strike
0-1: Ball
1-1: Ball
2-1: Foul Ball, location: 5DF
2-2: Ball
3-2: Strikes out swinging
Batting: RHB Jeff Davis 0-0: Ball
1-0: Swinging Strike
1-1: Ball
2-1: Ball
3-1: Foul Ball, location: 9LSF
3-2: Ground out 4-3 (Groundball, 34, EV 100.0 MPH)
Batting: RHB Bill Valdez 0-0: Ball
1-0: Foul Ball, location: 9LDF
1-1: Called Strike
1-2: Foul Ball, location: 2F
1-2: Strikes out swinging
Top of the 3rd over - 0 runs, 0 hits, 0 errors, 0 left on base; Alabama 0 - Arizona 2
BOTTOM OF THE 3RD
Arizona Vipers batting - Pitching for Alabama Yellowhammers : RHP Tony Trejo
Batting: LHB Jose Munoz 0-0: Ball
1-0: Foul Ball, location: 23FF
1-1: Foul Ball, location: 7LSF
1-2: Ball
2-2: Ball
3-2: Ground out 5-3 (Groundball, 56S, EV 81.3 MPH)
Batting: RHB Joe Cortez 0-0: Ball
1-0: Ball
2-0: Called Strike
2-1: SOLO HOME RUN (Flyball, 9D, EV 93.8 MPH), Distance : 383 ft
Batting: LHB Paddy Kerkhoven 0-0: Ball
1-0: Foul Ball, location: 2F
1-1: Fly out, F3 (Line Drive, 3, EV 61.9 MPH)
Batting: RHB Jose Moreno 0-0: Ball
1-0: Ball
2-0: Ball
3-0: Called Strike
3-1: Fly out, F2 (Popup, 3SF, EV 75.0 MPH)
Bottom of the 3rd over - 1 run, 1 hit, 0 errors, 0 left on base; Alabama 0 - Arizona 3
TOP OF THE 4TH
Alabama Yellowhammers batting - Pitching for Arizona Vipers : LHP Greg Medici
Batting: LHB Jesus Mesia 0-0: Called Strike
0-1: Called Strike
0-2: Fly out, F8 (Flyball, 8LD, EV 76.9 MPH)
Batting: SHB Pablo Colunga 0-0: SINGLE (Line Drive, 34, EV 95.0 MPH)
Batting: LHB Cedric Murphy 0-0: Called Strike
0-1: Foul Ball, location: 3DF
0-2: Foul Ball, location: 2F
0-2: Foul Ball, location: 2F
0-2: Strikes out looking
Batting: RHB Ken Foster 0-0: Called Strike
0-1: Swinging Strike
0-2: Strikes out swinging
Top of the 4th over - 0 runs, 1 hit, 0 errors, 1 left on base; Alabama 0 - Arizona 3
BOTTOM OF THE 4TH
Arizona Vipers batting - Pitching for Alabama Yellowhammers : RHP Tony Trejo
Batting: RHB David Lautenbach 0-0: Ball
1-0: Foul Ball, location: 5F
1-1: Called Strike
1-2: Ball
2-2: Foul Ball, location: 9LMF
2-2: Strikes out looking
Batting: RHB Norm Laurent 0-0: Ball
1-0: Called Strike
1-1: SINGLE (Groundball, 6MD, EV 103.1 MPH)
Batting: RHB Steeven Silva 0-0: Fly out, F7 (Flyball, 7, EV 79.4 MPH)
Batting: LHB Paul Scioscia 0-0: Fly out, F5 (Popup, 5SF, EV 72.5 MPH)
Bottom of the 4th over - 0 runs, 1 hit, 0 errors, 1 left on base; Alabama 0 - Arizona 3
TOP OF THE 5TH
Alabama Yellowhammers batting - Pitching for Arizona Vipers : LHP Greg Medici
Batting: LHB Danny Lang 0-0: Ball
1-0: Ball
2-0: Fly out, F5 (Popup, 56, EV 53.1 MPH)
Batting: RHB Manny Duarte 0-0: Ball
1-0: Called Strike
1-1: Ground out 4-3 (Groundball, 34, EV 68.8 MPH)
Batting: LHB Curt Palácios 0-0: Ball
1-0: Foul Ball, location: 2F
1-1: SINGLE (Line Drive, 8RS, EV 91.9 MPH)
Batting: RHB Jeff Davis 0-0: Called Strike
0-1: Ball
1-1: Called Strike
1-2: Strikes out swinging
Top of the 5th over - 0 runs, 1 hit, 0 errors, 1 left on base; Alabama 0 - Arizona 3
BOTTOM OF THE 5TH
Arizona Vipers batting - Pitching for Alabama Yellowhammers : RHP Tony Trejo
Batting: RHB Brenden Asadov 0-0: Called Strike
0-1: Foul Ball, location: 2F
0-2: Foul Ball, location: 2F
0-2: Ball
1-2: Strikes out looking
Batting: LHB Jose Munoz 0-0: Called Strike
0-1: Called Strike
0-2: Foul Ball, location: 2F
0-2: Foul Ball, location: 9LMF
0-2: Ball
1-2: Foul Ball, location: 9LSF
1-2: SOLO HOME RUN (Flyball, 7D, EV 98.8 MPH), Distance : 375 ft
Batting: RHB Joe Cortez 0-0: Fly out, F4 (Popup, 4M, EV 76.9 MPH)
Batting: LHB Paddy Kerkhoven 0-0: Called Strike
0-1: Called Strike
0-2: Ball
1-2: Foul Ball, location: 2F
1-2: Ball
2-2: Ball
3-2: Strikes out swinging
Bottom of the 5th over - 1 run, 1 hit, 0 errors, 0 left on base; Alabama 0 - Arizona 4
TOP OF THE 6TH
Alabama Yellowhammers batting - Pitching for Arizona Vipers : LHP Greg Medici
Batting: RHB Bill Valdez 0-0: Called Strike
0-1: Swinging Strike
0-2: Ground out 5-3 (Groundball, 56, EV 85.6 MPH)
Batting: LHB Jesus Mesia 0-0: Ball
1-0: Ball
2-0: Foul Ball, location: 2F
2-1: Ball
3-1: Foul Ball, location: 2RF
3-2: Ground out 3-1 (Groundball, 34, EV 81.9 MPH)
Batting: SHB Pablo Colunga 0-0: Foul Ball, location: 9LSF
0-1: Swinging Strike
0-2: Strikes out swinging
Top of the 6th over - 0 runs, 0 hits, 0 errors, 0 left on base; Alabama 0 - Arizona 4
BOTTOM OF THE 6TH
Arizona Vipers batting - Pitching for Alabama Yellowhammers : RHP Tony Trejo
Batting: RHB Jose Moreno 0-0: Foul Ball, location: 2F
0-1: Called Strike
0-2: Fly out, F9 (Flyball, 89S, EV 93.8 MPH)
Batting: RHB David Lautenbach 0-0: Swinging Strike
0-1: Ball
1-1: Ball
2-1: Foul Ball, location: 2F
2-2: Foul Ball, location: 23F
2-2: Strikes out swinging
Batting: RHB Norm Laurent 0-0: Ball
1-0: Called Strike
1-1: Hit by Pitch
Batting: RHB Steeven Silva 0-0: Ground out 6-3 (Groundball, 6M, EV 106.9 MPH)
Bottom of the 6th over - 0 runs, 0 hits, 0 errors, 1 left on base; Alabama 0 - Arizona 4
TOP OF THE 7TH
Alabama Yellowhammers batting - Pitching for Arizona Vipers : LHP Greg Medici
Batting: LHB Cedric Murphy 0-0: Called Strike
0-1: Ball
1-1: Ball
2-1: Called Strike
2-2: Fly out, F9 (Flyball, 9S, EV 86.3 MPH)
Batting: RHB Ken Foster 0-0: Called Strike
0-1: Ball
1-1: Foul Ball, location: 2F
1-2: Ball
2-2: Foul Ball, location: 3SF
2-2: Foul Ball, location: 2F
2-2: Ball
3-2: Fly out, F8 (Flyball, 8LD, EV 101.9 MPH)
Batting: LHB Danny Lang 0-0: Foul Ball, location: 2F
0-1: Ground out 6-3 (Groundball, 6M, EV 80.0 MPH)
Top of the 7th over - 0 runs, 0 hits, 0 errors, 0 left on base; Alabama 0 - Arizona 4
BOTTOM OF THE 7TH
Arizona Vipers batting - Pitching for Alabama Yellowhammers : RHP Tony Trejo
Batting: LHB Paul Scioscia 0-0: Called Strike
0-1: Ball
1-1: Ground out 6-3 (Groundball, 6, EV 93.1 MPH)
Batting: RHB Brenden Asadov 0-0: Called Strike
0-1: Ball
1-1: Fly out, F9 (Line Drive, 9, EV 104.4 MPH)
Batting: LHB Jose Munoz 0-0: Called Strike
0-1: Ground out 4-3 (Groundball, 34, EV 108.1 MPH)
Bottom of the 7th over - 0 runs, 0 hits, 0 errors, 0 left on base; Alabama 0 - Arizona 4
TOP OF THE 8TH
Alabama Yellowhammers batting - Pitching for Arizona Vipers : LHP Greg Medici
Batting: RHB Manny Duarte 0-0: Foul Ball, location: 25FF
0-1: Called Strike
0-2: Ball
1-2: Ball
2-2: Foul Ball, location: 9LDF
2-2: Ground out 5-3 (Groundball, 56S, EV 78.8 MPH)
Batting: LHB Curt Palácios 0-0: Ball
1-0: Ground out 3-1 (Groundball, 34S, EV 83.8 MPH)
Batting: RHB Jeff Davis 0-0: Fly out, F7 (Flyball, 78S, EV 90.0 MPH)
Top of the 8th over - 0 runs, 0 hits, 0 errors, 0 left on base; Alabama 0 - Arizona 4
BOTTOM OF THE 8TH
Arizona Vipers batting - Pitching for Alabama Yellowhammers : RHP Tony Trejo
Batting: RHB Joe Cortez 0-0: Called Strike
0-1: Fly out, F6 (Line Drive, 6, EV 71.3 MPH)
Batting: LHB Paddy Kerkhoven 0-0: Called Strike
0-1: Ball
1-1: Ball
2-1: Called Strike
2-2: Strikes out swinging
Batting: RHB Jose Moreno 0-0: Ball
1-0: Called Strike
1-1: Foul Ball, location: 2F
1-2: Ball
2-2: Ball
3-2: Base on Balls
Batting: RHB David Lautenbach 0-0: Foul Ball, location: 2F
0-1: Ball
1-1: Ball
2-1: Ball
3-1: Base on Balls
Jose Moreno to second
Pitching: RHP Ji-hoon Kim
Batting: RHB Norm Laurent 0-0: Ball
1-0: Ball
2-0: Ground out 5-3 (Groundball, 56S, EV 68.8 MPH)
Bottom of the 8th over - 0 runs, 0 hits, 0 errors, 2 left on base; Alabama 0 - Arizona 4
TOP OF THE 9TH
Alabama Yellowhammers batting - Pitching for Arizona Vipers : LHP Greg Medici
Now in LF: Chris Reinert
Batting: RHB Bill Valdez 0-0: Ball
1-0: Ball
2-0: Ground out 5-3 (Groundball, 56S, EV 85.6 MPH)
Batting: LHB Jesus Mesia 0-0: Ball
1-0: Foul Ball, location: 9LDF
1-1: Ball
2-1: Swinging Strike
2-2: Strikes out swinging
Batting: SHB Pablo Colunga 0-0: Ball
1-0: Foul Ball, location: 3DF
1-1: Ground out 5-3 (Groundball, 56S, EV 85.6 MPH)
Top of the 9th over - 0 runs, 0 hits, 0 errors, 0 left on base; Alabama 0 - Arizona 4
Tuesday, April 30th , 2024 - OOTP Baseball 24.6 Build 69